 Dungeon Crawl Stone Soup version 0.30-a0-867-g305f33218d (webtiles) character file.

Game seed: 10684499281138495178

61915 retardedninja the Severer (level 14, -1/133 HPs)
             Began as a Minotaur Fighter on Mar 10, 2023.
             Was an Initiate of Gozag.
             Killed by divine providence
             ... invoked by an orc priest
             ... summoned by an orange crystal statue
              (10 damage)
             ... on level 1 of the Orcish Mines.
             The game lasted 00:28:21 (20067 turns).

retardedninja the Severer (Minotaur Fighter)       Turns: 20067, Time: 00:28:34

Health: -1/133     AC: 30    Str: 27      XL:     14   Next: 62%
Magic:  0/13       EV: 11    Int:  0 (5)  God:    Gozag
Gold:   3607       SH: 18    Dex: 12      Spells: 13/13 levels left

rFire   . . .      SeeInvis .    o - +7 war axe "Simaifu" {heavy, Dex+3}
rCold   + . .      Faith    .    B - +0 tower shield
rNeg    . . .      Spirit   .    C - +5 plate armour {rPois}
rPois   +          Reflect  .    (helmet restricted)
rElec   .          Rampage  .    (no cloak)
rCorr   .                        (no gloves)
Will    +....                    K - +3 pair of mountain boots {steadfast, rC+} Stlth
                                 h - amulet of regeneration
HPRegen 1.22/turn                G - +5 ring of evasion
MPRegen 0.13/turn                y - +4 ring of protection

@: lethally poisoned (-1 -> -19), spiked, slowed, lost intelligence, studying
Evocations, unable to read, very slow
A: horns 2, retaliatory headbutt
a: Renounce Religion, Potion Petition, Call Merchant, Bribe Branch


You were on level 1 of the Orcish Mines.
You worshipped Gozag.
Gozag was most pleased with you.
You visited 5 branches of the dungeon, and saw 21 of its levels.

You collected 4857 gold pieces.
You spent 1130 gold pieces at shops.
You paid 120 gold pieces to Gozag.

Inventory:

Hand Weapons
 o - the +7 war axe "Simaifu" (weapon) {heavy, Dex+3}
   (You found it on level 5 of the Dungeon)

   Dex:       It affects your dexterity (+3).
Armour
 B - a +0 tower shield (worn)
 C - a +5 plate armour of poison resistance (worn)
 K - the +3 pair of mountain boots (worn) {steadfast, rC+}
   (You bought it in a shop on level 2 of the Dungeon)

   Steadfast: It prevents involuntary movement, except for blinking,
   teleportation, or banishment.
   rC:        It protects you from cold.
 L - the +4 robe of Folly {Brill Will-∞ Int+8}
   (You found it on level 5 of the Lair of Beasts)

   Brill:     It increases the power of your magical spells and halves their MP
   cost (rounding up).
   Will-∞: It reduces your willpower to zero.
   Int:       It affects your intelligence (+8).
Jewellery
 h - an amulet of regeneration (around neck)
 y - a +4 ring of protection (right hand)
 G - a +5 ring of evasion (left hand)
 I - the amulet of Elemental Vulnerability {rPois rF-- rC-- AC+8}
   (You found it on level 11 of the Dungeon)

   [amulet of nothing]

   AC:        It affects your AC (+8).
   rF:        It makes you very vulnerable to fire.
   rC:        It makes you very vulnerable to cold.
   rPois:     It protects you from poison.
Wands
 d - a wand of roots (15)
 t - a wand of digging (8)
 z - a wand of flame (46)
 A - a wand of mindburst (8)
 E - a wand of paralysis (3)
Scrolls
 e - a scroll of immolation
 f - 2 scrolls of brand weapon
 g - a scroll of torment
 j - 3 scrolls of fog
 k - 5 scrolls of fear
 n - 3 scrolls of magic mapping
 q - 7 scrolls of teleportation
 u - 3 scrolls of amnesia
 v - 3 scrolls of poison
 x - 2 scrolls of vulnerability
 M - a scroll of blinking
Potions
 a - 5 potions of mutation
 b - 2 potions of heal wounds
 i - 3 potions of attraction
 l - 4 potions of might
 m - a potion of degeneration
 p - 8 potions of curing
 r - 2 potions of haste
 s - 3 potions of lignification
 w - 3 potions of brilliance
 D - 3 potions of flight
 F - a potion of ambrosia
 H - 2 potions of cancellation
 J - a potion of resistance
Miscellaneous
 O - a condenser vane (inert)


   Skills:
 + Level 14.5 Fighting
 * Level 19.3 Axes
 + Level 14.5 Armour
 + Level 14.5 Shields


You had 13 spell levels left.
You didn't know any spells.
Your spell library contained the following spells:

 Spells                   Type           Power      Damage    Failure   Level
 Apportation              Tloc           0%         N/A       100%        1
 Necrotise                Necr           0%         1d4       100%        1
 Summon Small Mammal      Summ           0%         N/A       100%        1
 Cigotuvi's Dreadful Rot  Necr/Pois/Air  0%         N/A       100%        2
 Poisonous Vapours        Pois/Air       0%         N/A       100%        2
 Sublimation of Blood     Necr           0%         N/A       100%        2
 Dazzling Flash           Conj/Hex       0%         N/A       100%        3
 Hailstorm                Conj/Ice       0%         3d3       100%        3
 Mephitic Cloud           Conj/Pois/Air  0%         N/A       100%        3
 Anguish                  Hex/Necr       0%         N/A       100%        4
 Ice Form                 Ice/Tmut       0%         N/A       100%        4
 Iskenderun's Mystic Bla  Conj/Tloc      0%         2d3       100%        4
 Passage of Golubria      Tloc           0%         N/A       100%        4
 Petrify                  Tmut/Erth      0%         N/A       100%        4
 Irradiate                Conj/Tmut      0%         3d11      100%        5
 Silence                  Hex/Air        0%         N/A       100%        5
 Starburst                Conj/Fire      0%         6d3       100%        6
 Enfeeble                 Hex            0%         N/A       100%        7
 Haunt                    Necr/Summ      0%         N/A       100%        7
 Infestation              Necr           0%         N/A       100%        8
 Lehudib's Crystal Spear  Conj/Erth      0%         10d2      100%        8
 Animate Dead             Necr           Unusable   N/A       N/A         4
 Simulacrum               Ice/Necr       Unusable   N/A       N/A         6

Dungeon Overview and Level Annotations

Branches:
Dungeon (13/15)            Temple (1/1) D:7            Lair (5/5) D:11
  Swamp (0/4) Lair:2        Snake (0/4) Lair:3        Slime (0/5) Lair:5
    Orc (1/2) D:10           Hell (visited)
 Vaults: D:13-14        Dis: Hell:1         Geh: Hell:1         Coc: Hell:1
    Tar: Hell:1

Altars:
Cheibriados
Dithmenos
Elyvilon
Fedhas
Gozag
Hepliaklqana
Kikubaaqudgha
Makhleb
Okawaru
Qazlal
Trog
Uskayaw
Wu Jian
Xom
Zin
The Shining One

Shops:
D:2 [   D:7 [   D:9 ==(*

Portals:
Hell: Lair:5

Annotations:
D:11 3 runed translucent doors, relicbr's ghost, journeyman SpDe
Orc:1 1 runed translucent door, exclusion: 4 orange crystal statues
Hell Geryon


Innate Abilities, Weirdness & Mutations

You have a pair of horns on your head.
You reflexively headbutt those who attack you in melee.


Message History

The orc warrior's corpse dissolves into shadows!
You hit the warg. You slash the orange crystal statue!
You block the warg's attack. The warg barely misses you.
The red devil hits you from afar with a +0 demon trident of venom!
Barbed spikes become lodged in your body.
You are poisoned.
The orc priest calls down the wrath of Beogh upon you.
Beogh smites you!
The orc warrior hits you with a +0 flail.
* * * LOW HITPOINT WARNING * * *
The orc priest calls down the wrath of Beogh upon you.
Beogh smites you!
* * * LOW HITPOINT WARNING * * *
The warg bites you but does no damage.
Unknown command.
Unknown command.
You feel much better.
You feel very sick.
The red devil hits you from afar with a +0 demon trident of venom!
* * * LOW HITPOINT WARNING * * *
Barbed spikes become lodged in your body.
You are more poisoned.
The orc priest invokes the aid of Beogh against you.
Pain shoots through your body!
* * * LOW HITPOINT WARNING * * *
The orc priest calls down the wrath of Beogh upon you.
Beogh smites you!
* * * LOW HITPOINT WARNING * * *
You block the orc warrior's attack.
The orange crystal statue fixes its piercing gaze on you.
You feel your power leaking away.
The orc wizard mumbles some strange words.
The orc wizard flickers and vanishes!
The orange crystal statue glitters.
The warg barely misses you. You furiously retaliate!
You headbutt the warg! You block the red devil's attack.
The orc priest invokes the aid of Beogh against you.
Beogh smites you!
You die...
Your body crumbles into a pile of gold.

.....####...### ##.....##
.#......#.....####.....#.##
..#.............##........#
...>........#.............##
.............##............#
....#.#......###..........##
##....##..................##
###.....##.#..####o####....#
#..##)...####.#8@ooo.8#...##
....#)#.##.#..#o#h{o#.#...#
....)..##.....#.o4oo..#...##
.#.#.)...)....#{ooo4..#....#
#...).......>.#Ooo3...#...##
#...).<#.#....#o#.g.#T#...#
##..#...###...#8.g.gg8#...#
#...)..####...####+####..##
##..)..# #..............##


You could see 4 orange crystal statues, an orc high priest (summoned), a troll
(summoned), a neqoxec (summoned), a chaos spawn (summoned), a warg (summoned), a
red devil (summoned), an orc warrior (summoned), an ogre (summoned), a gnoll
sergeant (summoned, expiring), 5 orc priests, 3 gnolls and 5 orcs.

Vanquished Creatures
  Rupert (Lair:5)
  A dire elephant (Lair:5)
  Snorg (Lair:2)
  A great orb of eyes (D:9)
  The ghost of mandoloar the Thaumaturge, a journeyman GnEE of Vehumet (Lair:2)
  2 hydras
  5 two-headed ogres
  A death knight (D:9)
  2 boulder beetles (D:11)
  A catoblepas (Lair:5)
  2 centaur warriors
  2 tengu warriors
  A skyshark (Lair:4)
  A sun demon (Lair:5)
  A deep elf knight (D:9)
  A bog body (Lair:2)
  An orc knight (Orc:1)
  A wizard (Lair:5)
  A necromancer (D:9)
  An oklob plant (D:11)
  A deep elf pyromancer (D:12)
  An orc sorcerer (Orc:1)
  10 elephants
  3 manticores
  3 cyclopes
  2 black mambas
  7 cane toads
  Maggie (D:7)
  4 orange demons (Lair:5)
  4 gargoyles
  Psyche (D:8)
  2 unseen horrors
  A smoke demon (Lair:5)
  3 rime drakes (Lair:5)
  An efreet (D:13)
  2 kobold demonologists
  9 komodo dragons
  An ice devil (Lair:5)
  A polar bear (Lair:2)
  A yaktaur (D:9)
  7 trolls
  8 dream sheep (Lair:5)
  24 blink frogs
  15 slime creatures
  A shadow (D:9)
  7 wyverns
  49 yaks
  A vampire (D:13)
  4 basilisks
  A wraith (D:11)
  Grum (D:8)
  4 vampire mosquitoes
  Menkaure (D:7)
  A steam dragon (D:10)
  2 wargs (Orc:1)
  3 nagas (Lair:3)
  2 acid dragons
  4 hell hounds (Lair:5)
  17 water moccasins
  5 orc warriors
  3 black bears
  2 wolves (D:8)
  4 ogres
  10 centaurs
  9 bullfrogs
  5 scorpions
  A gnoll sergeant (D:8)
  13 wights
  6 killer bees
  2 electric eels
  3 howler monkeys
  2 hounds
  A gnoll bouda (D:9)
  3 jellies
  9 orc priests
  A sleepcap (D:6)
  Terence (D:3)
  4 hell rats (Lair:3)
  5 iguanas
  11 orc wizards
  4 polar bear simulacra (D:9)
  5 yak simulacra (D:9)
  A wolf simulacrum (D:9)
  2 human simulacra (D:12)
  4 adders
  4 shadow imps
  2 white imps
  3 worms
  5 dart slugs
  39 orcs
  4 endoplasms
  A giant cockroach (D:1)
  9 goblins
  4 hobgoblins
  4 jackals (D:4)
  2 quokkas
  6 ball pythons
  5 bats
  2 frilled lizards
  4 kobolds
  2 rats
  A river rat simulacrum (D:9)
451 creatures vanquished.

Vanquished Creatures (others)
  13 fungi
  30 plants
43 creatures vanquished.

Grand Total: 494 creatures vanquished

Notes
Turn   | Place    | Note
-------+----------+-------------------------------------------
     0 | D:1      | retardedninja the Minotaur Fighter began the quest for the
                  | Orb.
     0 | D:1      | Reached XP level 1. HP: 19/19 MP: 0/0
   479 | D:1      | Reached XP level 2. HP: 27/27 MP: 1/1
  1240 | D:2      | Reached skill level 3 in Axes
  1240 | D:2      | Reached XP level 3. HP: 10/33 MP: 2/2
  1557 | D:2      | Found Suikhar's Antique Armour Shop.
  1985 | D:3      | Noticed a scorpion
  1991 | D:3      | Killed a scorpion
  1992 | D:3      | Reached XP level 4. HP: 39/41 MP: 3/3
  2074 | D:3      | Noticed Terence
  2086 | D:3      | Killed Terence
  2126 | D:3      | Reached XP level 5. HP: 47/47 MP: 4/4
  2244 | D:3      | Found a faded altar of an unknown god.
  2594 | D:4      | Noticed an ogre
  2597 | D:4      | Killed an ogre
  2598 | D:4      | Reached skill level 5 in Fighting
  2598 | D:4      | Reached skill level 4 in Axes
  2598 | D:4      | Reached skill level 5 in Armour
  2598 | D:4      | Reached skill level 5 in Shields
  2722 | D:4      | Reached XP level 6. HP: 45/56 MP: 5/5
  2883 | D:4      | Reached skill level 5 in Axes
  3611 | D:5      | Entered Level 5 of the Dungeon
  3674 | D:5      | Reached XP level 7. HP: 56/61 MP: 6/6
  3720 | D:5      | HP: 4/91 [centaur (2)]
  4210 | D:5      | Reached skill level 6 in Axes
  4212 | D:5      | Identified the +7 war axe "Simaifu" {heavy, Dex+3}
  4543 | D:5      | Identified the +7 spear "Ogre's Death" {heavy, rPois rF+}
  4759 | D:6      | Identified the +9 war axe of Breach {heavy, rC- rN++ Int+3}
  4767 | D:6      | Found a glowing silver altar of Zin.
  4767 | D:6      | Found a shadowy altar of Dithmenos.
  4847 | D:6      | Reached XP level 8. HP: 65/71 MP: 7/7
  4926 | D:6      | Reached skill level 7 in Axes
  4977 | D:6      | Found a hide-covered altar of Uskayaw.
  5662 | D:7      | Found Ufymaig's Armour Boutique.
  5691 | D:7      | Noticed Menkaure
  5695 | D:7      | Killed Menkaure
  5696 | D:7      | Reached skill level 8 in Axes
  5719 | D:7      | Found a staircase to the Ecumenical Temple.
  5756 | Temple   | Entered the Ecumenical Temple
  5814 | Temple   | Became a worshipper of Gozag Ym Sagoz the Greedy
  6086 | D:7      | Noticed Maggie
  6091 | D:7      | Killed Maggie
  6092 | D:7      | Reached skill level 9 in Axes
  6092 | D:7      | Reached XP level 9. HP: 54/79 MP: 8/8
  6891 | D:8      | Noticed Psyche
  6909 | D:8      | Killed Psyche
  6910 | D:8      | Reached skill level 10 in Axes
  7323 | D:8      | Found a stormy altar of Qazlal.
  7323 | D:8      | Noticed Grum
  7330 | D:8      | Killed Grum
  7387 | D:8      | Found an iron altar of Okawaru.
  7392 | D:8      | Reached XP level 10. HP: 90/90 MP: 9/9
  7834 | D:2      | Bought a glowing plate armour for 494 gold pieces
  8058 | D:9      | Reached skill level 11 in Axes
  8092 | D:9      | Noticed a death knight
  8268 | D:9      | Killed a death knight
  8407 | D:9      | Noticed a tengu warrior
  8418 | D:9      | Killed a tengu warrior
  8528 | D:9      | Noticed a centaur warrior
  8534 | D:9      | Killed a centaur warrior
  8535 | D:9      | Reached skill level 12 in Axes
  8593 | D:9      | Noticed a cyclops
  8595 | D:9      | Noticed a great orb of eyes
  8598 | D:9      | Killed a cyclops
  8604 | D:9      | Killed a great orb of eyes
  8605 | D:9      | Reached skill level 10 in Fighting
  8605 | D:9      | Reached skill level 10 in Armour
  8605 | D:9      | Reached skill level 10 in Shields
  8609 | D:9      | Reached XP level 11. HP: 40/99 MP: 10/10
  8690 | D:9      | Noticed a two-headed ogre
  8696 | D:9      | Killed a two-headed ogre
  8773 | D:9      | Found Totwath's General Store.
  8839 | D:9      | Noticed a deep elf knight
  8847 | D:9      | Killed a deep elf knight
  8848 | D:9      | Reached skill level 13 in Axes
  9417 | D:9      | Found Udouschua's Jewellery Shop.
  9568 | D:9      | Found Winoemo's Jewellery Boutique.
  9725 | D:9      | Noticed a necromancer
  9728 | D:9      | Killed a necromancer
  9824 | D:9      | Found Dyufais's Antique Weapon Shop.
  9974 | D:10     | Entered Level 10 of the Dungeon
 10315 | D:10     | Found a staircase to the Orcish Mines.
 10364 | D:10     | Reached skill level 14 in Axes
 10614 | D:10     | Noticed a two-headed ogre
 10620 | D:10     | Killed a two-headed ogre
 11293 | D:11     | Noticed an oklob plant
 11294 | D:11     | Found a staircase to the Lair.
 11301 | D:11     | Killed an oklob plant
 11302 | D:11     | Reached XP level 12. HP: 68/110 MP: 11/11
 11311 | D:11     | Noticed a two-headed ogre
 11350 | D:11     | Killed a two-headed ogre
 11383 | D:11     | Noticed a two-headed ogre
 11391 | D:11     | Killed a two-headed ogre
 11470 | D:11     | Reached skill level 15 in Axes
 11512 | D:11     | Noticed a boulder beetle
 11520 | D:11     | Noticed a boulder beetle
 11529 | D:11     | Killed a boulder beetle
 11534 | D:11     | Killed a boulder beetle
 11707 | D:11     | Found the amulet of Elemental Vulnerability {rPois rF--
                  | rC-- AC+8}
 11712 | D:11     | Noticed relicbr's ghost (journeyman SpDe)
 11714 | D:11     | Found a runed translucent gate.
 11717 | D:11     | Noticed a two-headed ogre
 11776 | D:11     | Found a runed translucent gate.
 11778 | D:11     | Noticed a two-headed ogre
 11779 | D:11     | Found a runed translucent gate.
 12335 | D:2      | Bought the +3 pair of mountain boots {steadfast, rC+} for
                  | 636 gold pieces
 12335 | D:2      | Found the +3 pair of mountain boots {steadfast, rC+}
 12988 | D:12     | Noticed a centaur warrior
 12993 | D:12     | Killed a centaur warrior
 13743 | D:12     | Reached skill level 16 in Axes
 14014 | D:13     | Noticed a tengu warrior
 14023 | D:13     | Killed a tengu warrior
 14361 | D:13     | Noticed a two-headed ogre
 14368 | D:13     | Killed a two-headed ogre
 14602 | D:13     | Reached XP level 13. HP: 118/119 MP: 12/12
 15017 | Lair:1   | Entered Level 1 of the Lair of Beasts
 15520 | Lair:1   | Reached skill level 17 in Axes
 15939 | Lair:2   | Found a staircase to the Swamp.
 16030 | Lair:2   | Noticed Snorg
 16039 | Lair:2   | Killed Snorg
 16376 | Lair:2   | Found a runed translucent door.
 16376 | Lair:2   | Noticed mandoloar's ghost (journeyman GnEE)
 16872 | Lair:2   | Killed mandoloar's ghost
 17177 | Lair:3   | Found a staircase to the Snake Pit.
 17862 | Lair:4   | Reached skill level 18 in Axes
 18072 | Lair:4   | Identified the +1 short sword of the Revolution {antimagic,
                  | Int+3 SInv}
 18152 | Lair:4   | Reached XP level 14. HP: 124/130 MP: 13/13
 18663 | Lair:5   | Entered Level 5 of the Lair of Beasts
 18900 | Lair:5   | Found a staircase to the Slime Pits.
 18945 | Lair:5   | Noticed Rupert
 18956 | Lair:5   | Killed Rupert
 19021 | Lair:5   | Reached skill level 19 in Axes
 19289 | Lair:5   | Found a burning altar of Makhleb.
 19311 | Lair:5   | Found a gateway to Hell.
 19311 | Lair:5   | Found the +4 robe of Folly {Brill Will-∞ Int+8}
 19353 | Hell     | Entered the Vestibule of Hell
 19353 | Hell     | Noticed Geryon
 19353 | Hell     | Noticed a hellephant
 19815 | Orc:1    | Entered Level 1 of the Orcish Mines
 19970 | Orc:1    | Found a runed translucent door.
 19992 | Orc:1    | Found the +10 tower shield of Ignorance {rN+ Int-4}
 19999 | Orc:1    | Found a runed translucent door.
 20058 | Orc:1    | Lost intelligence.
 20067 | Orc:1    | Killed from afar by an orc priest

Illustrated notes

Levels and vault maps discovered:
D:1:      minmay_arrival_loop, layout_basic
D:2:      layout_basic, serial_shops, nicolae_shop_hallway_stairs
D:3:      layout_basic, ebering_ecumenical_altar_abandoned, uniq_terence
D:4:      layout_gridville, minmay_strange_pillars
D:5:      layout_basic, serial_bayou_pond_e, kennysheep_boxes
D:6:      layout_loops_ring, nicolae_uskayaw_murder_on_the_dancefloor,
          jmf_multi_god_temple
D:7:      layout_loops_corners, minmay_temple_entry_glass, serial_shops,
          nicolae_stop_n_shop_2, roderic_lattice_a, minmay_crossroads,
          uniq_maggie, uniq_menkaure
D:8:      layout_cave_pools, kennysheep_okawaru_gauntlet,
          nicolae_qazlal_general_emergency, uniq_psyche, uniq_grum
D:9:      minmay_chopped_fan, layout_irregular_city, serial_shops,
          nicolae_diamond_shop, shop, nicolae_shop_crystal, shop,
          eino_house_with_fridge
D:10:     minmay_skewed_foursquare, layout_cross, chequers_garden
D:11:     layout_grid_maze, dpeg_oklobed_lair, gammafunk_ghost_split
D:12:     layout_gridville, bh_circular_ruins
D:13:     layout_gridville
Temple:   bh_familiar_temple
Lair:1:   layout_chaotic_city, chequers_serial_rivers_large_a,
          infiniplex_staircase_pool_2, grunt_megastairs_3
Lair:2:   beargit_carnivore_pack, layout_long_grid, skrybe_swamp_entry_bodies,
          gammafunk_ghost_grave, serial_bayou_shore_a
Lair:3:   layout_regular_city, guppyfry_snake_entry_garden, serial_bayou_lake_a
Lair:4:   layout_gridlike, minivault_27, serial_bayou_pond_a
Lair:5:   evil_forest, layout_loops_ring, slime_entry_1,
          nicolae_quartered_pool_super, serial_bayou_shore_b,
          serial_bayou_shore_b, uniq_snorg, uniq_rupert
Orc:1:    layout_caves, chequers_guarded_unrand_ignorance
Hell

Skill      XL: |  1  2  3  4  5  6  7  8  9 10 11 12 13 14 |
---------------+-------------------------------------------+-----
Armour         | 4 5 6 7 8 10 11 12 13 14 | 14.5
Fighting       | 4 5 6 7 8 10 11 12 13 14 | 14.5
Shields        | 4 5 6 7 8 10 11 12 13 14 | 14.5
Axes           | 3 4 5 6 9 10 12 14 16 18 19 | 19.3

Action                     |  1- 3 |  4- 6 |  7- 9 | 10-12 | 13-15 || total
---------------------------+-------+-------+-------+-------+-------++-------
  Melee: War axe           |    70 |    89 |   126 |   311 |   336 ||   932
         Headbutt          |     7 |    13 |    17 |    57 |    54 ||   148
  Evoke: Wand              |       |       |       |    19 |     4 ||    23
         Condenser vane    |       |       |       |       |     1 ||     1
    Use: Potion            |       |     1 |     8 |     5 |     3 ||    17
         Scroll            |       |       |    13 |     2 |    13 ||    28
   Stab: Distracted        |       |       |     1 |     3 |     5 ||     9
         Invisible         |       |       |       |     2 |     5 ||     7
 Armour: Scale mail        |    27 |    40 |    26 |       |       ||    93
         Skin              |       |       |    19 |       |       ||    19
         Plate armour      |       |       |    41 |   234 |   212 ||   487
         Chain mail        |       |       |     1 |       |       ||     1
  Dodge: Dodged            |    27 |    44 |    60 |    99 |   140 ||   370
  Block: Buckler           |    23 |    28 |    39 |   122 |     1 ||   213
         Tower shield      |       |       |       |       |   327 ||   327

Table legend: (Time is in decaauts)
 A = Elapsed time spent in this place.
 B = Non-inter-level travel time spent in this place.
 C = Inter-level travel time spent in this place.
 D = Time resting spent in this place.
 E = Time spent auto-exploring this place.
 F = Levels seen in this place.
 G = Mean time per level.
                   A        B        C        D        E       F      G
               +--------+--------+--------+--------+--------+-----+--------+
         Total |  20404 |  18474 |   1930 |   3127 |  12164 |  21 |  971.6 |
       Dungeon |  15206 |  13683 |   1523 |   3116 |   8326 |  13 | 1169.7 |
        Temple |     84 |     59 |     25 |      0 |     45 |   1 |   84.0 |
          Lair |   4851 |   4470 |    381 |     11 |   3606 |   5 |  970.2 |
  Orcish Mines |    259 |    259 |      0 |      0 |    187 |   1 |  259.0 |
          Hell |      2 |      2 |      0 |      0 |      0 |   1 |    2.0 |
               +--------+--------+--------+--------+--------+-----+--------+

Top non-repeatable levels by time:
     D:9: 1949 daAuts
    D:11: 1465 daAuts
     D:4: 1258 daAuts
     D:2: 1248 daAuts
     D:7: 1206 daAuts
     D:5: 1188 daAuts
     D:6: 1095 daAuts
     D:8: 1091 daAuts
  Lair:2: 1064 daAuts
    D:12: 1062 daAuts
  Lair:5: 1031 daAuts
     D:1: 984 daAuts
  Lair:4: 971 daAuts
    D:13: 958 daAuts
    D:10: 906 daAuts
